 Dungeon Crawl Stone Soup version bcrawl-1.28.1b (webtiles) character file.

Game seed: 6270121438523409392

99282 Morbidden the Magician (level 3, -2/28 HPs)
             Began as a Djinni Transmuter on Dec 21, 2020.
             Slain by a howler monkey (6 damage)
             ... on level 2 of the Dungeon.
             The game lasted 00:02:45 (1661 turns).

Morbidden the Magician (Djinni Transmuter)          Turns: 1661, Time: 00:02:45

Health: -2/28      AC:  2    Str: 12    XL:     3   Next: 37%
Magic:  5/8        EV: 12    Int: 16    God:
Gold:   101        SH:  0    Dex: 11    Spells: 6/9 levels left

rFire    . . .     SeeInvis .     - Fists (6.9)
rCold    . . .     Gourm    .   (no shield)
rNeg     . . .     Faith    .   b - +0 robe
rPois    .         Spirit   .   (no helmet)
rElec    .         Reflect  .   (no cloak)
rCorr    .         Harm     .   (no gloves)
MR       .....     Rnd*Rage +   (boots unavailable)
Stlth    +.........             h - amulet of magic regeneration
HPRegen  0.09/turn              (no ring)
MPRegen  0.36/turn              (no ring)

@: flying, very slightly contaminated
A: never pass out, berserk 2, blurry vision 2, wild magic 1, MP-powered wands,
floating
a: no special abilities


You were on level 2 of the Dungeon.
You were not hungry.

You visited 1 branch of the dungeon, and saw 2 of its levels.

You collected 101 gold pieces.

Inventory:

Missiles
 a - 454 arrows (quivered)
Armour
 b - a +0 robe (worn)
 j - a +0 pair of gloves
Jewellery
 h - an amulet of magic regeneration (around neck)
Scrolls
 g - a scroll of enchant weapon {unknown}
 i - a scroll of teleportation {unknown}
 l - a scroll of identify
Potions
 d - a potion of lignification
 f - 2 potions of curing {unknown}
 k - a potion of agility {unknown}
Comestibles
 c - 2 chunks of flesh
 e - 2 rations {!d}


   Skills:
 * Level 1.3 Fighting
 * Level 2.3 Dodging
 + Level 3.4 Unarmed Combat
 * Level 3.9 Spellcasting
 * Level 2.5 Transmutations


You had 6 spell levels left.
You knew the following spells:

 Your Spells              Type           Power        Failure   Level  Hunger
a - Beastly Appendage     Tmut           ##....       10%         1    None
b - Sticks to Snakes      Tmut           ##......     13%         2    None

Your spell library contained the following spells:

 Spells                   Type           Power        Failure   Level  Hunger
 Passwall                 Tmut/Erth      #.......     22%         2    None
 Spider Form              Tmut/Pois      #..          38%         3    ###....
 Ice Form                 Ice/Tmut       #.......     77%         4    #####..
 Blade Hands              Tmut           ##........   90%         5    ######.


Dungeon Overview and Level Annotations

Branches:
Dungeon (2/12)

Altars:


Innate Abilities, Weirdness & Mutations

You never pass out after going berserk.
You often lose your temper in combat.
Scrolls take you longer to read.
Your spells are a little harder to cast, but a little more powerful.
You expend magic power (3 MP) to strengthen your wands.
Your body floats in the air.


Message History

Your horns disappear.
The howler monkey hoots and howls with incredible vigour!
The howler monkey hits you but does no damage.
No path to travel!
Casting: Sticks to Snakes (safe; 13% risk of failure)
Confirm with . or Enter, or press ? or * to list all spells.
You miscast Sticks to Snakes.
You are very lightly contaminated with residual magic.
Strange energies run through your body. The howler monkey closely misses you.
Unknown command.
Unknown command.
A ball python comes into view.
Casting: Sticks to Snakes (safe; 13% risk of failure)
Confirm with . or Enter, or press ? or * to list all spells.
You miscast Sticks to Snakes.
Nothing appears to happen.
The howler monkey misses you.
Unknown command.
Unknown command.
The howler monkey hits you.
You die...

#.# ###.....###.#..
#.###..............
#..........รท.##...
#####........#
............###
####.........#
#.......#.##
#..........#
#.@h....####
####..l.####.#...
#.).....$..)....#
#.###S#######.#...
#. .. ##. #.


You could see a howler monkey, a ball python and a frilled lizard.

Vanquished Creatures
  A dart slug (D:2)
  2 leopard geckos (D:1)
  3 giant cockroaches (D:1)
  5 goblins (D:1)
  6 hobgoblins
  3 kobolds
  5 bats (D:1)
  3 frilled lizards (D:1)
  4 rats
32 creatures vanquished.

Vanquished Creatures (collateral kills)
  A worm (D:1)
1 creature vanquished.

Grand Total: 33 creatures vanquished

Notes
Turn   | Place    | Note
-------+----------+-------------------------------------------
     0 | D:1      | Morbidden the Djinni Transmuter began the quest for the
                  | Orb.
     0 | D:1      | Reached XP level 1. HP: 16/16 MP: 4/4
   419 | D:1      | Reached XP level 2. HP: 23/23 MP: 6/6
   941 | D:1      | Learned a level 2 spell: Sticks to Snakes
  1234 | D:1      | Reached XP level 3. HP: 23/28 MP: 8/8
  1661 | D:2      | Slain by a howler monkey

Action                   || total
-------------------------++-------
Melee: Unarmed           ||    81
       Headbutt          ||     9
       Punch             ||     1
 Cast: Beastly Appendage ||    21
       Sticks to Snakes  ||     2
 Abil: End Transformatio ||     1
  Eat: Chunk             ||     4
Armor: Robe              ||    18
Dodge: Dodged            ||    61
